 Dungeon Crawl Stone Soup version 0.30.1-4-g462c640d31 (webtiles) character file.

Game seed: 15967330987544663243

160 HagarQim the Chopper (level 5, 0/43 HPs)
             Began as a Gnoll Reaver on Aug 18, 2023.
             Slain by an ogre
             ... wielding a +0 giant spiked club
              (26 damage)
             ... on level 3 of the Dungeon.
             The game lasted 00:08:56 (2780 turns).

HagarQim the Chopper (Gnoll Reaver)                 Turns: 2780, Time: 00:08:57

Health: 0/43       AC: 17    Str: 13    XL:     5   Next: 41%
Magic:  12/12      EV: 12    Int: 13    God:
Gold:   730        SH:  0    Dex: 10    Spells: 13/14 levels left

rFire   . . .        l - +2 halberd (protect)
rCold   . . .        (shield currently unavailable)
rNeg    . . .        b - +0 leather armour
rPois   .            (no helmet)
rElec   .            (no cloak)
rCorr   .            f - +2 pair of gloves
SInv    .            (no boots)
Will    .....        (no amulet)
Stlth   +            e - +4 ring of protection
HPRegen 0.27/turn    (no ring)
MPRegen 0.13/turn

%: no passive effects
@: under a protective aura
A: fangs 1, strong nose, distributed training
a: no special abilities


You were on level 3 of the Dungeon.
You visited 1 branch of the dungeon, and saw 3 of its levels.

You collected 730 gold pieces.

Inventory:

Hand Weapons
 a - a +0 hand axe
 d - a +2 flail of draining
 l - a +2 halberd of protection (weapon)
Armour
 b - a +0 leather armour (worn)
 f - a +2 pair of gloves (worn)
Magical Staves
 h - a staff of cold
Jewellery
 e - a +4 ring of protection (left hand)
Wands
 m - a wand of paralysis (8)
Scrolls
 c - a scroll of vulnerability
 g - a scroll of torment
 i - a scroll of teleportation
 p - a scroll of noise
Potions
 o - a potion of curing


   Skills:
 + Level 4.8 Fighting
 + Level 1.5 Short Blades
 + Level 1.5 Long Blades
 + Level 6.7 Axes
 + Level 1.5 Maces & Flails
 + Level 1.5 Polearms
 + Level 1.5 Staves
 + Level 1.5 Ranged Weapons
 + Level 1.5 Throwing
 + Level 1.5 Armour
 + Level 4.8 Dodging
 + Level 1.5 Stealth
 + Level 1.5 Shields
 + Level 1.5 Unarmed Combat
 + Level 5.2 Spellcasting
 + Level 5.5 Conjurations
 + Level 1.2 Hexes
 + Level 1.2 Summonings
 + Level 1.2 Necromancy
 + Level 1.2 Translocations
 + Level 1.2 Transmutations
 + Level 1.2 Fire Magic
 + Level 1.2 Ice Magic
 + Level 1.2 Air Magic
 + Level 1.2 Earth Magic
 + Level 1.2 Poison Magic
 + Level 1.7 Invocations
 + Level 1.5 Evocations


You had 13 spell levels left.
You knew the following spells:

 Your Spells              Type           Power      Damage    Failure   Level
a - Kiss of Death         Conj/Necr      48%        2d9       6%          1

Your spell library contained the following spells:

 Spells                   Type           Power      Damage    Failure   Level
 Momentum Strike          Conj/Tloc      24%        3d8       9%          2
 Slow                     Hex            24%        N/A       14%         1
 Hailstorm                Conj/Ice       12%        3d5       17%         3
 Confusing Touch          Hex            6%         N/A       38%         3
 Vampiric Draining        Necr           6%         2d6       38%         3
 Dispel Undead            Necr           6%         3d8       80%         4
 Alistair's Intoxication  Tmut/Pois      4%         N/A       98%         5
 Borgnjor's Vile Clutch   Necr/Erth      3%         N/A       98%         5
 Eringya's Noxious Bog    Tmut/Pois      3%         N/A       100%        6
 Borgnjor's Revivificati  Necr           3%         N/A       100%        8
 Necromutation            Tmut/Necr      3%         N/A       100%        8
 Death's Door             Necr           3%         N/A       100%        9


Dungeon Overview and Level Annotations

Branches:
Dungeon (3/15)

Altars:


Innate Abilities, Weirdness & Mutations

You have very sharp teeth.
Your uncanny sense of smell can sniff out nearby items.
Your experience applies equally to all skills.


Message History

p - a scroll of noise An ogre comes into view.
It is wielding a +0 giant spiked club.
Okay, then.
The ogre shouts!
You reach to attack!
You hit the ogre.
Your weapon exudes an aura of protection.
The ogre is lightly wounded.
You barely miss the ogre.
The ogre is lightly wounded.
The ogre hits you with a +0 giant spiked club!!
The ogre attacks as you move away!
The ogre hits you with a +0 giant spiked club.
You are too injured to fight recklessly!
You are too injured to fight recklessly!
You are too injured to fight recklessly!
You barely miss the ogre.
The ogre is lightly wounded.
The ogre hits you with a +0 giant spiked club!
* * * LOW HITPOINT WARNING * * *
Okay, then.
As you read the scroll of fear, it crumbles to dust.
You assume a fearsome visage.
The ogre looks frightened!
You start resting.
An ogre is nearby!
A hobgoblin comes into view.
A rat comes into view.
Found a scroll of identify.
You reach to attack!
You hit the hobgoblin.
Your weapon exudes an aura of protection.
You kill the hobgoblin!
A rat comes into view.
You reach to attack!
You puncture the rat!
Your weapon exudes an aura of protection.
You kill the rat!
You slash the rat!
You kill the rat!
The ogre attacks as you move away!
The ogre hits you with a +0 giant spiked club!!
Ouch! That really hurt!
You die...

### ... .... ..#
..# #### #.# #.#
#.# #.# #.# #.#
#.# #.# #.# #.#
#.# #?#
#########.## #@#
.......#...# #O#
#..........# #.#
#.####.#...# #.#
#.## #.##### #.#
...# #.# #.# [..#
#.# #.#
...###.#########.#
...........O.....#


You could see an ogre.

Vanquished Creatures
  Jessica (D:3)
  An adder (D:3)
  6 gnolls
  A worm (D:2)
  3 dart slugs (D:2)
  3 orcs (D:3)
  9 ball pythons
  4 bats
  2 endoplasms
  2 giant cockroaches (D:1)
  5 hobgoblins
  2 kobolds (D:1)
  3 quokkas
  2 frilled lizards
  7 goblins
  5 rats
56 creatures vanquished.

Notes
Turn   | Place    | Note
-------+----------+-------------------------------------------
     0 | D:1      | HagarQim the Gnoll Reaver began the quest for the Orb.
     0 | D:1      | Reached XP level 1. HP: 20/20 MP: 6/6
   110 | D:1      | Reached XP level 2. HP: 26/26 MP: 7/7
   844 | D:2      | Reached skill level 5 in Spellcasting
   844 | D:2      | Reached XP level 3. HP: 31/31 MP: 7/9
   860 | D:2      | Reached skill level 1 in Invocations
   879 | D:2      | Reached skill level 1 in Short Blades
   879 | D:2      | Reached skill level 1 in Long Blades
   879 | D:2      | Reached skill level 1 in Maces & Flails
   879 | D:2      | Reached skill level 1 in Polearms
   879 | D:2      | Reached skill level 1 in Staves
   879 | D:2      | Reached skill level 1 in Ranged Weapons
   879 | D:2      | Reached skill level 1 in Throwing
   879 | D:2      | Reached skill level 1 in Armour
   879 | D:2      | Reached skill level 1 in Stealth
   879 | D:2      | Reached skill level 1 in Shields
   879 | D:2      | Reached skill level 1 in Unarmed Combat
   879 | D:2      | Reached skill level 1 in Evocations
   883 | D:2      | Reached XP level 4. HP: 4/34 MP: 11/11
  1884 | D:3      | Reached skill level 1 in Hexes
  1884 | D:3      | Reached skill level 1 in Summonings
  1884 | D:3      | Reached skill level 1 in Necromancy
  1884 | D:3      | Reached skill level 1 in Translocations
  1884 | D:3      | Reached skill level 1 in Transmutations
  1884 | D:3      | Reached skill level 1 in Fire Magic
  1884 | D:3      | Reached skill level 1 in Ice Magic
  1884 | D:3      | Reached skill level 1 in Air Magic
  1884 | D:3      | Reached skill level 1 in Earth Magic
  1884 | D:3      | Reached skill level 1 in Poison Magic
  2134 | D:3      | Noticed Jessica
  2139 | D:3      | Killed Jessica
  2167 | D:3      | Reached XP level 5. HP: 41/42 MP: 12/12
  2573 | D:3      | Identified a scroll of acquirement
  2574 | D:3      | Acquired 527 gold pieces
  2719 | D:3      | Noticed an ogre
  2780 | D:3      | Slain by an ogre

Illustrated notes

Levels and vault maps discovered:
D:1:      scummos_arrival_forest, layout_loops_cross, chequers_avenue
D:2:      layout_rooms, minmay_cupped
D:3:      layout_loops_ring, zin_treasury, minmay_shallow_snake_nest,
          uniq_jessica

Skill      XL: |  1  2  3  4 |
---------------+-------------+-----
Spellcasting   | 5 |  5.2
Invocations    | 1 |  1.7
Short Blades   | 1 |  1.5
Long Blades    | 1 |  1.5
Maces & Flails | 1 |  1.5
Polearms       | 1 |  1.5
Staves         | 1 |  1.5
Ranged Weapons | 1 |  1.5
Throwing       | 1 |  1.5
Armour         | 1 |  1.5
Stealth        | 1 |  1.5
Shields        | 1 |  1.5
Unarmed Combat | 1 |  1.5
Evocations     | 1 |  1.5
Hexes          | 1 |  1.2
Summonings     | 1 |  1.2
Necromancy     | 1 |  1.2
Translocations | 1 |  1.2
Transmutations | 1 |  1.2
Fire Magic     | 1 |  1.2
Ice Magic      | 1 |  1.2
Air Magic      | 1 |  1.2
Earth Magic    | 1 |  1.2
Poison Magic   | 1 |  1.2
Fighting       | |  4.8
Axes           | |  6.7
Dodging        | |  4.8
Conjurations   | |  5.5

Action                     |  1- 3 |  4- 6 || total
---------------------------+-------+-------++-------
  Melee: Hand axe          |    71 |       ||    71
         Bite              |     5 |     5 ||    10
         Flail             |       |    71 ||    71
         Halberd           |       |    14 ||    14
  Evoke: Wand              |       |     1 ||     1
    Use: Scroll            |     1 |    12 ||    13
         Potion            |     2 |     1 ||     3
   Stab: Paralysed         |       |     3 ||     3
 Armour: Leather armour    |    34 |    46 ||    80
  Dodge: Dodged            |    46 |    63 ||   109
